AoeStats
← er47777459

Arabia

509602590Analyzed
1v1 RM · 6d ago on Sep 27, 2026· 35m 3s· 2 players
Game mode
Random Map
Map size
Tiny (2 player)
Population
200
Speed
Normal
Resources
Standard
Victory
Conquest
Starting age
Dark Age
Ending age
Imperial Age
RankedLock teamsTeams togetherTeam positionsShared explorationLock speedFull tech treeHidden civsTurbo modeCheats
Victory
Defeat
🇦🇷 Magyars · Argentina
1083
+17
🇧🇷 Varangians · Brazil
1094
-17
er47777459
7:49 Loom
10:21 Feudal Age
12:34 Double-Bit Axe
19:15 Scale Barding Armor
21:02 Bloodlines
21:55 Horse Collar
25:56 Castle Age
27:23 Chain Barding Armor
27:19 Husbandry
27:28 Heavy Plow
27:26 Gold Mining
31:45 Gold Shaft Mining
GAX | Thui
7:02 Loom
9:46 Feudal Age
10:35 Double-Bit Axe
14:06 Bloodlines
20:26 Horse Collar
23:14 Castle Age
21:26 Gold Mining
21:51 Scale Barding Armor
21:46 Horse Collar
24:21 Forging
26:08 Husbandry
28:21 Iron Casting
30:58 Chain Barding Armor
Connection lost

Rejoining the realm…

Still unreachable

The connection could not be restored.

Session expired

The server has moved on; the page needs a fresh start.